 Dungeon Crawl Stone Soup version 0.19.4-12-gccf7e64 (webtiles) character file.

196 vatarom the Zephyrmancer (level 5, -3/28 HPs)
             Began as a Tengu Air Elementalist on Feb 27, 2017.
             Slain by a slave (8 damage)
             ... led by Pikel
             ... on level 3 of the Dungeon.
             The game lasted 00:08:19 (3760 turns).

vatarom the Zephyrmancer (Tengu Air Elementalist)   Turns: 3760, Time: 00:08:20

Health: -3/28      AC:  4    Str:  8      XL:     5   Next: 74%
Magic:  3/9        EV: 12    Int: 16      God:
Gold:   91         SH:  0    Dex: 13 (15) Spells: 3 memorised, 2 levels left

rFire  + . .     SeeInvis .     f - +0 spear (pierce)
rCold  + . .     Gourm    .     a - +1 robe
rNeg   . . .     Faith    .     (no shield)
rPois  +         Spirit   .     (helmet restricted)
rElec  +         Reflect  .     q - +0 cloak
rCorr  +         Harm     .     (no gloves)
MR     .....                    (boots unavailable)
Stlth  ++........               (no amulet)
                                (no ring)
                                o - ring of poison resistance

@: resistant, repel missiles
A: beak, talons 3, able to fly 1
a: Fly


You were on level 3 of the Dungeon.
You were not hungry.

You visited 1 branch of the dungeon, and saw 4 of its levels.

You collected 91 gold pieces.

Inventory:

Hand Weapons
 c - a +2 short sword of electrocution
 f - a +0 spear of piercing (weapon)
Armour
 a - a +1 robe (worn)
 q - a +0 cloak (worn)
Jewellery
 o - a ring of poison resistance (left hand)
Wands
 n - a wand of disintegration (4/24)
Scrolls
 i - a scroll of enchant weapon
 l - a scroll of immolation
 m - 4 scrolls of identify
Potions
 e - 2 potions of resistance
 g - a potion of might
 j - a potion of cure mutation
Books
 b - a book of Air

   Spells                             Type                      Level
   a - Shock                          Conjuration/Air              1
   b - Swiftness                      Charms/Air                   2
   c - Repel Missiles                 Charms/Air                   2
   d - Static Discharge               Conjuration/Air              3
   e - Lightning Bolt                 Conjuration/Air              5
Comestibles
 d - 4 chunks of flesh
 h - 2 meat rations


   Skills:
 - Level 2.1 Dodging
 - Level 2.0 Stealth
 - Level 2.0 Spellcasting
 - Level 1.3 Conjurations
 + Level 8.2 Air Magic


You had 2 spell levels left.
You knew the following spells:

 Your Spells              Type           Power        Failure   Level  Hunger
a - Shock                 Conj/Air       ###.         3%          1    #......
b - Repel Missiles        Chrm/Air       ##....       8%          2    ###....
c - Static Discharge      Conj/Air       ###.....     12%         3    ###....


Dungeon Overview and Level Annotations

Branches:
Dungeon (4/15)
 Temple: D:4-7

Altars:
Cheibriados
Gozag

Annotations:
D:4 Pikel


Innate Abilities, Weirdness & Mutations

You have a beak for a mouth.
You have claws for feet.
You can fly.


Message History

Pikel says, "You'll fetch a fair price!"
Things that are here:
a trident; a dagger; a robe You see here a leather armour.
Casting: Shock
Confirm with . or Enter, or press ? or * to list all spells.
Okay, then.
There is a stone staircase leading up here.
The slave barely misses you.
You climb upwards.
There is a stone staircase leading down here.
Casting: Shock
Confirm with . or Enter, or press ? or * to list all spells.
Aiming: Shock
Press: ? - help, Shift-Dir - straight line, f - slave
Aim: a slave, wearing an animal skin (almost dead)
The zap hits the slave.
The slave is almost dead.
The slave hits you!
You die...

.....##.......# #####.#
..............#####.....#
..............#.....#...#
###...#......<..#####.###
##..###........## #.#
...## ####......## #.#
..## ##..#.....## #.#
...#####..#.....p.# #.#
.#.......##.....@.# #.#
..................# #.#
#..#.#####.......####.#
#.##...# ###.....###..#
..####.# #........##.##
### #.###........##.#
#.#.............#
#.#.###.....##..### #...#
##...###....#


You could see a slave.

Vanquished Creatures
  An orc wizard (D:4)
  A worker ant (D:4)
  3 adders
  A gnoll (D:1)
  2 oozes (D:1)
  7 worms
  A dart slug (D:2)
  A leopard gecko (D:3)
  4 orcs
  5 giant cockroaches
  6 goblins
  9 hobgoblins
  3 jackals (D:4)
  5 kobolds
  2 quokkas (D:2)
  10 bats
  3 frilled lizards
  11 rats
75 creatures vanquished.

Notes
Turn   | Place    | Note
-------+----------+-------------------------------------------
     0 | D:1      | vatarom the Tengu Air Elementalist began the quest for the Orb.
     0 | D:1      | Reached XP level 1. HP: 10/10 MP: 4/4
   188 | D:1      | Reached XP level 2. HP: 15/15 MP: 6/6
   219 | D:1      | Reached skill level 5 in Air Magic
   434 | D:1      | Reached XP level 3. HP: 19/19 MP: 1/7
   493 | D:1      | Learned a level 2 spell: Repel Missiles
   497 | D:1      | Learned a level 3 spell: Static Discharge
   794 | D:2      | Found an opulent altar of Gozag.
   794 | D:2      | Found a snail-covered altar of Cheibriados.
   933 | D:2      | Reached skill level 6 in Air Magic
  1135 | D:2      | Reached XP level 4. HP: 6/24 MP: 3/8
  2556 | D:2      | Reached skill level 7 in Air Magic
  3077 | D:3      | Gained mutation: You can fly. [Tengu growth]
  3077 | D:3      | Reached XP level 5. HP: 25/28 MP: 5/9
  3500 | D:4      | Reached skill level 8 in Air Magic
  3677 | D:4      | Noticed a slave
  3679 | D:4      | Noticed Pikel
  3679 | D:4      | Noticed a slave
  3679 | D:4      | Noticed a slave
  3680 | D:4      | Noticed a slave
  3760 | D:3      | Slain by a slave

Skill      XL: |  1  2  3  4  5 |
---------------+----------------+-----
Air Magic      | 5 6 7 8 |  8.2
Dodging        | |  2.1
Stealth        | |  2.0
Spellcasting   | |  2.0
Conjurations   | |  1.3

Action                   |  1- 3 |  4- 6 || total
-------------------------+-------+-------++-------
Melee: Spear             |    15 |    22 ||    37
       Peck              |     1 |     1 ||     2
       Kick              |     2 |     4 ||     6
       Short sword       |       |     6 ||     6
       Unarmed           |       |     3 ||     3
 Cast: Shock             |    59 |   116 ||   175
       Static Discharge  |       |     3 ||     3
       Repel Missiles    |       |     1 ||     1
Evoke: Wand              |       |     4 ||     4
  Use: Potion            |     6 |     3 ||     9
       Scroll            |     5 |     6 ||    11
  Eat: Meat ration       |     1 |       ||     1
       Chunk             |       |     3 ||     3
       Bread ration      |       |     1 ||     1
Armor: Robe              |     5 |     9 ||    14
Dodge: Dodged            |    21 |    38 ||    59
       Deflected         |       |     1 ||     1
